 Dungeon Crawl Stone Soup version 0.20-a0-1103-g26be02c (webtiles) character file.

772 HarryHood the Fighter (level 7, -6/73 HPs)
             Began as a Gargoyle Berserker on May 4, 2017.
             Was a Priest of Trog.
             Mangled by an ogre
             ... wielding a +0 giant club
              (16 damage)
             ... on level 5 of the Dungeon on May 5, 2017.
             The game lasted 00:11:51 (4032 turns).

HarryHood the Fighter (Gargoyle Berserker)          Turns: 4032, Time: 00:11:51

Health: -6/73      AC: 15    Str: 26    XL:     7   Next: 83%
Magic:  7/7        EV:  8    Int:  8    God:    Trog [***...]
Gold:   442        SH:  0    Dex: 10    Spells: 6/6 levels left

rFire    . . .     SeeInvis .   C - +0 flail
rCold    . . .     Gourm    .   (no shield)
rNeg     + . .     Faith    .   g - +0 chain mail
rPois    ∞         Spirit   .   o - +1 helmet
rElec    +         Reflect  .   (no cloak)
rCorr    .         Harm     .   (no gloves)
MR       .....                  (no boots)
Stlth    ..........             (no amulet)
Regen    0.3/turn               (no ring)
MPRegen  0.1/turn               (no ring)

@: berserking, very quick
A: negative energy resistance 1, electricity resistance, unbreathing,
petrification resistance, rot immunity, AC +4
a: Berserk, Trog's Hand, Burn Spellbooks, Renounce Religion


You were on level 5 of the Dungeon.
You worshipped Trog.
Trog was most pleased with you.
You were hungry.

You visited 1 branch of the dungeon, and saw 5 of its levels.
You also visited: Ossuary.

You collected 442 gold pieces.

Inventory:

Hand Weapons
 q - a +0 hunting sling
 C - a +0 flail (weapon)
Missiles
 d - 50 sling bullets
Armour
 g - a +0 chain mail (worn)
 o - a +1 helmet (worn)
Scrolls
 l - a scroll of recharging
 r - a scroll of identify
 v - a scroll of enchant armour
 w - a scroll of random uselessness {unknown}
 x - 2 scrolls of teleportation {@r0}
 y - a scroll of amnesia {unknown}
 z - a scroll of noise {unknown}
Potions
 b - a potion of mutation {!q}
 e - 5 potions of curing {@q2}
 h - a potion of haste
 i - a potion of flight {unknown}
 j - 2 potions of heal wounds {@q1}
 k - a potion of cancellation {unknown}
 m - 2 potions of might
 n - 2 potions of berserk rage
 p - a potion of resistance {unknown}
 t - a potion of magic {unknown}
 u - 2 potions of lignification {unknown}
 B - a potion of degeneration {unknown}
Comestibles
 c - 5 bread rations {@e1}
 f - 6 fruits {@e2}
 A - 2 chunks of flesh


   Skills:
 - Level 8.0 Fighting
 * Level 5.9 Maces & Flails
 - Level 2.1 Armour
 - Level 1.5 Dodging


You had 6 spell levels left.
You didn't know any spells.

Dungeon Overview and Level Annotations

Branches:
Dungeon (5/15)
 Temple: D:4-7

Altars:
Gozag
Ru


Innate Abilities, Weirdness & Mutations

You are resistant to torment.
Your stone body is resilient. (AC +4)
You are immune to poison.
You resist negative energy. (rN+)
You are resistant to electric shocks. (rElec)
You can survive without breathing.
You are immune to petrification.
You are immune to rotting.


Message History

A - 2 chunks of flesh (gained 1)
c - 5 bread rations {@e1} (gained 1)
An ogre comes into view. It is wielding a giant club.
The ogre shouts!
You hit the ogre. The ogre hits you but does no damage.
You hit the ogre. The ogre hits you with a giant club!
You take 8 damage, and have 39/49 hp.
You sock the ogre! The ogre closely misses you.
You completely miss the ogre. You closely miss the ogre.
The ogre barely misses you.
You hit the ogre. The ogre hits you with a giant club!!
You take 21 damage, and have 19/49 hp.
MASSIVE DAMAGE!!
You closely miss the ogre. The ogre hits you with a giant club!
* * * LOW HITPOINT WARNING * * *
You take 12 damage, and have 7/49 hp.
MASSIVE DAMAGE!!
A red film seems to cover your vision as you go berserk!
You feel yourself moving faster!
You feel mighty!
You are feeling hungry.
The ogre hits you with a giant club!
You die...

######.###. .. .# #.# #.
#.##.######.####
##............... #...
.....#.##### #..# .###
#.# . #.$# # #.#
#...####..##.### #.## ###
#..O@.......# #..## ...
#..##..##.#.#.#.#.###
#.###. #..........###...
##...####...#.#.#.# ##=.
#..................###.##
#....###.#..#.#.###.#.##
>#....................##
#.......<....##...##.##
##...####.......#....#


You could see an ogre.

Vanquished Creatures
  The ghost of flyleaff the Shield-Bearer, a novice FoFi (D:4)
  An ogre (D:4)
  A centaur skeleton (D:4)
  A hound (D:5)
  An orc wizard (D:4)
  An iguana (D:4)
  2 worker ants (D:4)
  8 mummies (Ossuary)
  4 adders
  An ooze (D:1)
  3 adder skeletons (D:4)
  A worm (D:2)
  A dart slug (D:4)
  3 leopard geckos
  12 orcs
  5 bats
  3 giant cockroaches
  2 goblins
  11 hobgoblins
  7 jackals
  7 kobolds
  5 quokkas
  7 frilled lizards
  A gnoll zombie (Ossuary)
  3 hobgoblin zombies (Ossuary)
  A kobold zombie (Ossuary)
  3 orc zombies (Ossuary)
  4 rats
100 creatures vanquished.

Notes
Turn   | Place    | Note
-------+----------+-------------------------------------------
     0 | D:1      | HarryHood the Gargoyle Berserker began the quest for the Orb.
     0 | D:1      | Reached XP level 1. HP: 14/14 MP: 1/1
   138 | D:1      | Reached XP level 2. HP: 18/20 MP: 2/2
   181 | D:1      | Reached skill level 4 in Fighting
   654 | D:2      | Reached XP level 3. HP: 23/24 MP: 3/3
   682 | D:2      | Reached ** piety under Trog
  1452 | D:2      | Reached skill level 5 in Fighting
  1722 | D:3      | Reached XP level 4. HP: 31/31 MP: 4/4
  1798 | D:3      | Found a sacrificial altar of Ru.
  1990 | D:3      | Found a faded altar of an unknown god.
  2307 | D:4      | Noticed flyleaff's ghost (novice FoFi)
  2323 | D:4      | Killed flyleaff's ghost
  2323 | D:4      | Reached skill level 8 in Fighting
  2323 | D:4      | Reached XP level 5. HP: 14/39 MP: 5/5
  2323 | D:4      | Reached XP level 6. HP: 16/44 MP: 6/6
  2468 | D:4      | Reached skill level 4 in Maces & Flails
  2468 | D:4      | Reached XP level 7. HP: 21/49 MP: 7/7
  2692 | D:4      | Found a sand-covered staircase.
  2700 | Ossuary  | Entered an ossuary
  2878 | Ossuary  | Reached *** piety under Trog
  2882 | Ossuary  | Reached skill level 5 in Maces & Flails
  3669 | D:4      | Found an opulent altar of Gozag.
  3932 | D:5      | Entered Level 5 of the Dungeon
  4032 | D:5      | Mangled by an ogre

Vault maps used:
D:1:      scummos_arrival_checkerplants
D:3:      old_standard_altar, chequers_ecumenical_altar_simple_redux,
          first_bread
D:4:      old_standard_altar, nicolae_ossuary_entry_plus
D:5:      bloody_trog, uniq_menkaure
Ossuary:  ossuary_tomb_3

Skill      XL: |  1  2  3  4  5  6  7 |
---------------+----------------------+-----
Fighting       | 4 5 8 |  8.0
Maces & Flails | 4 5 |  5.9
Armour         | |  2.1
Dodging        | |  1.5

Action                   |  1- 3 |  4- 6 |  7- 9 || total
-------------------------+-------+-------+-------++-------
Melee: Mace              |   125 |   101 |   157 ||   383
       Flail             |       |       |    21 ||    21
Invok: Berserk           |       |     2 |     1 ||     3
  Use: Scroll            |     9 |     3 |     3 ||    15
  Eat: Chunk             |     3 |     3 |     5 ||    11
       Fruit             |       |       |     2 ||     2
Armor: Chain mail        |    87 |    71 |   110 ||   268
Dodge: Dodged            |    77 |    46 |    68 ||   191
